 Dungeon Crawl Stone Soup version 0.27-a0-1184-ge86db4a01e (webtiles) character file.

Game seed: 18032511584986237725

10388 robertstho the Cleaver (level 11, -4/101 HPs)
             Began as a Minotaur Berserker on May 18, 2021.
             Was an Elder of Trog.
             Slain by an acid dragon (10 damage)
             ... on level 8 of the Dungeon.
             The game lasted 00:10:09 (10173 turns).

robertstho the Cleaver (Minotaur Berserker)        Turns: 10173, Time: 00:10:09

Health: -4/101     AC: 19    Str: 24    XL:     11   Next: 35%
Magic:  10/10      EV:  9    Int:  5    God:    Trog [****..]
Gold:   616        SH:  0    Dex: 10    Spells: 10/10 levels left

rFire    . . .     SeeInvis .   a - +4 battleaxe
rCold    . . .     Faith    .   (shield currently unavailable)
rNeg     . . .     Spirit   .   w - +0 plate armour
rPois    .         Reflect  .   (helmet restricted)
rElec    .         Harm     .   (no cloak)
rCorr    .         Rampage  .   (no gloves)
Will     +....                  (no boots)
Stlth    ..........             (no amulet)
HPRegen  0.26/turn              f - +4 ring of protection
MPRegen  0.12/turn              o - ring of willpower

@: on berserk cooldown, slowed, very slow
A: horns 2, retaliatory headbutt
a: Renounce Religion, Berserk, Trog's Hand, Brothers in Arms


You were on level 8 of the Dungeon.
You worshipped Trog.
Trog was greatly pleased with you.
You visited 1 branch of the dungeon, and saw 10 of its levels.
You also visited: Sewer.

You collected 616 gold pieces.

Inventory:

Hand Weapons
 a - a +4 battleaxe (weapon)
 z - a +0 hand axe of flaming
Missiles
 x - a throwing net
 y - a curare-tipped dart
Armour
 w - a +0 plate armour (worn)
 C - a +0 buckler
Jewellery
 f - a +4 ring of protection (left hand)
 o - a ring of willpower (right hand)
Wands
 v - a wand of acid (7)
Scrolls
 c - 4 scrolls of blinking
 d - a scroll of torment {unknown}
 k - a scroll of vulnerability {unknown}
 p - a scroll of fear {unknown}
 q - a scroll of enchant armour {unknown}
 s - a scroll of brand weapon {unknown}
 t - 3 scrolls of magic mapping
 u - 2 scrolls of teleportation
 A - a scroll of enchant weapon
Potions
 b - 3 potions of might {unknown}
 e - 2 potions of haste {unknown}
 g - 2 potions of flight {unknown}
 h - a potion of ambrosia {unknown}
 i - 5 potions of curing {unknown}
 j - a potion of heal wounds {unknown}
 m - 3 potions of brilliance {unknown}
 n - 3 potions of magic


   Skills:
 * Level 10.7 Fighting
 + Level 12.3 Axes
 * Level 12.1 Armour
 * Level 7.8 Dodging
 + Level 0.3 Shields


You had 10 spell levels left.
You didn't know any spells.
Your spell library was empty.

Dungeon Overview and Level Annotations

Branches:
Dungeon (10/15)            Temple (0/1) D:4            Lair (0/6) D:9
  Sewer (visited)
    Orc: D:9-12

Altars:
Makhleb
Qazlal
Ru


Innate Abilities, Weirdness & Mutations

You have a pair of horns on your head.
You reflexively headbutt those who attack you in melee.


Message History

The orc wizard hits you but does no damage.
Unknown command.
You slash the orc wizard!
The orc wizard is almost dead.
The orc wizard points at itself and mumbles some strange words.
The orc wizard flickers and vanishes!
Deactivating autopickup; reactivate with Ctrl-A.
Something hits you but does no damage.
Unknown command.
You hit something. Trog accepts your kill.
Trog appreciates your killing of a magic user.
Reactivating autopickup.
You feel a bit more experienced. The orc hits you but does no damage.
Unknown command.
You slice the orc!!
You kill the orc!
Trog accepts your kill.
Unknown command.
You closely miss the acid dragon.
You headbutt the acid dragon, but do no damage.
The acid dragon spits acid at you. The splash of acid hits you.
You are splashed with acid!
* * * LOW HITPOINT WARNING * * *
The acid dragon bites you but does no damage.
The acid dragon claws you but does no damage.
The orc hits you but does no damage.
You closely miss the acid dragon. Your headbutt misses the acid dragon.
The acid dragon spits acid at you. The splash of acid hits you!
* * * LOW HITPOINT WARNING * * *
You are splashed with acid!
* * * LOW HITPOINT WARNING * * *
The orc hits you but does no damage. x2; The acid dragon barely misses you.
The acid dragon claws you.
* * * LOW HITPOINT WARNING * * *
You slash the acid dragon!
The acid dragon is heavily wounded.
The orc hits you but does no damage. The acid dragon bites you!
You die...

## #. .
##################. ...
..................>
.....#######.#####.#####
.....oD@.......!##.#
.....#######.##.##.# ...
#.##.##.# . #.##..#.#
#.###.#.# #.# #...# .≈≈
#.####..##### ....
#............ .≈≈..
########..####.


You could see an acid dragon (catching breath) and an orc.

Vanquished Creatures
  4 two-headed ogres
  A manticore (D:9)
  Joseph (D:8)
  Psyche (D:8)
  2 trolls
  A hornet (D:8)
  Grinder (D:3)
  A shadow (D:9)
  17 yaks (D:9)
  2 orc warriors
  3 sky beasts
  An ice beast (D:7)
  A black bear (D:4)
  3 centaurs
  3 necrophages
  4 ogres
  A phantom (D:6)
  2 kobold brigands (D:7)
  2 bullfrogs
  3 scorpions
  2 wyvern zombies (D:5)
  A wyvern skeleton (D:5)
  8 wights
  2 bullfrog zombies
  2 centaur zombies
  2 hounds
  A bullfrog skeleton (D:5)
  2 centaur skeletons
  4 orc priests
  3 iron imps (D:8)
  4 iguanas
  6 orc wizards
  A hound zombie (D:5)
  7 adders
  4 gnolls
  2 river rats (Sewer)
  An ufetubus (D:6)
  An adder skeleton (D:4)
  2 worms
  28 orcs
  5 endoplasms
  8 giant cockroaches
  8 goblins
  8 hobgoblins
  12 jackals
  5 quokkas
  7 ball pythons
  7 bats
  8 frilled lizards (Sewer)
  16 kobolds
  11 rats
232 creatures vanquished.

Vanquished Creatures (collateral kills)
  An orc (D:10)
1 creature vanquished.

Vanquished Creatures (others)
  An orc wizard (D:3)
1 creature vanquished.

Grand Total: 234 creatures vanquished

Notes
Turn   | Place    | Note
-------+----------+-------------------------------------------
     0 | D:1      | robertstho the Minotaur Berserker began the quest for the
                  | Orb.
     0 | D:1      | Reached XP level 1. HP: 19/19 MP: 0/0
   163 | D:1      | Reached XP level 2. HP: 22/27 MP: 1/1
   609 | D:2      | Found a faded altar of an unknown god.
   622 | D:2      | Reached XP level 3. HP: 34/34 MP: 2/2
   623 | D:2      | Reached ** piety under Trog
   880 | D:2      | Reached XP level 4. HP: 4/41 MP: 3/3
  1558 | D:3      | Reached skill level 5 in Fighting
  1810 | D:3      | Noticed Grinder
  1817 | D:3      | Reached XP level 5. HP: 40/48 MP: 4/4
  1837 | D:3      | Reached skill level 5 in Axes
  1862 | D:3      | Killed Grinder
  1863 | D:3      | Reached XP level 6. HP: 50/57 MP: 5/5
  2250 | D:3      | Found a stormy altar of Qazlal.
  2330 | D:3      | Reached *** piety under Trog
  2698 | D:4      | Reached XP level 7. HP: 63/63 MP: 6/6
  2731 | D:4      | Found a staircase to the Ecumenical Temple.
  2980 | D:4      | Found a glowing drain.
  3010 | Sewer    | Entered a sewer
  3318 | Sewer    | Reached **** piety under Trog
  3873 | D:5      | Entered Level 5 of the Dungeon
  3987 | D:5      | Reached skill level 5 in Armour
  4072 | D:5      | Reached XP level 8. HP: 71/71 MP: 7/7
  4377 | D:5      | Found a sacrificial altar of Ru.
  4404 | D:5      | Reached skill level 5 in Dodging
  6027 | D:6      | Reached XP level 9. HP: 79/79 MP: 8/8
  6915 | D:7      | You fall into a shaft and drop 3 floors!
  6915 | D:10     | Entered Level 10 of the Dungeon
  7035 | D:10     | Noticed a troll
  7042 | D:10     | Killed a troll
  7115 | D:10     | Noticed a two-headed ogre
  7122 | D:10     | Killed a two-headed ogre
  7123 | D:10     | Reached skill level 10 in Axes
  7123 | D:10     | Reached skill level 10 in Armour
  7251 | D:10     | Noticed a two-headed ogre
  7258 | D:10     | Killed a two-headed ogre
  7259 | D:10     | Reached XP level 10. HP: 90/90 MP: 9/9
  7269 | D:10     | Noticed an orc knight
  7269 | D:10     | Noticed an orc knight
  7487 | D:9      | Found a staircase to the Lair.
  7694 | D:9      | Noticed a manticore
  7704 | D:9      | Killed a manticore
  8590 | D:9      | Reached skill level 10 in Fighting
  9151 | D:9      | Reached XP level 11. HP: 79/99 MP: 10/10
  9536 | D:8      | Noticed Joseph
  9546 | D:8      | Killed Joseph
  9660 | D:8      | Found a burning altar of Makhleb.
  9745 | D:8      | Noticed Psyche
  9747 | D:8      | Killed Psyche
 10150 | D:8      | Noticed a two-headed ogre
 10157 | D:8      | Noticed a two-headed ogre
 10160 | D:8      | Killed a two-headed ogre
 10164 | D:8      | Killed a two-headed ogre
 10173 | D:8      | Slain by an acid dragon

Illustrated notes

Levels and vault maps discovered:
D:1:      dpeg_arrival_tiny_c, layout_rooms, serial_curves, eino_curves_03,
          eino_curves_01, eino_curves_01
D:2:      layout_rooms, ebering_ecumenical_altar_abandoned,
          ebering_dispersal_statue_hall
D:3:      cheibrodos_pilgrimage, layout_loops_ring,
          nicolae_overflow_hidden_temple, nicolae_qazlal_scattered_showers,
          kennysheep_generic_room_5, uniq_grinder
D:4:      layout_loops_cross, temple_green, gup_sewer_entry_glass, serial_glass,
          glass_columns_c, glass_columns_b, glass_columns_a, item_on_display_a
D:5:      layout_basic, nicolae_ru_awakened_eye, minivault_26,
          minmay_joined_circles
D:6:      layout_loops_ring
D:7:      layout_loops_ring, minivault_24
D:8:      layout_basic, demons_altar, nicolae_uskayaw_suspiria,
          gammafunk_temple_overflow_elements, kennysheep_small_spiral,
          kennysheep_small_square, uniq_psyche, uniq_joseph
D:9:      layout_grid_maze, dpeg_oklobed_lair, minivault_11
D:10:     layout_long_grid, david_orc_5

Skill      XL: |  1  2  3  4  5  6  7  8  9 10 11 |
---------------+----------------------------------+-----
Fighting       | 4 5 6 7 8 10 | 10.7
Axes           | 4 5 6 7 8 10 11 12 | 12.3
Armour         | 3 4 5 7 10 11 12 | 12.1
Dodging        | 3 4 5 6 7 |  7.8
Shields        | |  0.3

Action                   |  1- 3 |  4- 6 |  7- 9 | 10-12 || total
-------------------------+-------+-------+-------+-------++-------
Melee: Hand axe          |    48 |    24 |       |       ||    72
       Headbutt          |     6 |    18 |    45 |    26 ||    95
       War axe           |       |    99 |   304 |    10 ||   413
       Battleaxe         |       |       |       |   120 ||   120
Invok: Berserk           |     1 |     4 |     6 |     6 ||    17
       Trog's Hand       |       |     2 |     1 |       ||     3
       Brothers in Arms  |       |       |       |     1 ||     1
  Use: Scroll            |       |     1 |     6 |     2 ||     9
       Potion            |       |     3 |       |       ||     3
 Stab: Sleeping          |       |     1 |       |       ||     1
Armor: Animal skin       |     7 |     5 |       |       ||    12
       Ring mail         |       |    18 |       |       ||    18
       Skin              |       |    30 |       |       ||    30
       Scale mail        |       |    20 |    78 |       ||    98
       Plate armour      |       |       |    85 |    93 ||   178
Dodge: Dodged            |    45 |    42 |   154 |    62 ||   303
Block: Buckler           |       |       |       |     3 ||     3

Table legend: (Time is in decaauts)
 A = Elapsed time spent in this place.
 B = Non-inter-level travel time spent in this place.
 C = Inter-level travel time spent in this place.
 D = Time resting spent in this place.
 E = Time spent auto-exploring this place.
 F = Levels seen in this place.
 G = Mean time per level.
                   A        B        C        D        E       F      G
               +--------+--------+--------+--------+--------+-----+--------+
         Total |  10452 |  10227 |    225 |    715 |   8032 |  11 |  950.2 |
       Dungeon |   9873 |   9648 |    225 |    715 |   7641 |  10 |  987.3 |
         Sewer |    578 |    578 |      0 |      0 |    390 |   1 |  578.0 |
               +--------+--------+--------+--------+--------+-----+--------+

Top non-repeatable levels by time:
     D:9: 2292 daAuts
     D:5: 1533 daAuts
     D:3: 1226 daAuts
     D:6: 868 daAuts
     D:2: 834 daAuts
     D:4: 768 daAuts
     D:7: 687 daAuts
     D:8: 661 daAuts
     D:1: 611 daAuts
   Sewer: 578 daAuts
    D:10: 390 daAuts
